Map: Dusk Towers

Players

PartinG

  • Race: Protoss Protoss

Petraeus - Winner!

  • Race: Zerg Zerg
  • League: Grandmaster

Event: NationWars III

VOD

Have the link to the VOD?

Description

Time

  • Played on: Dec. 12, 2015, 2:03 p.m.
  • Length: 18:19
Show
View Real Time Build Order
Export as new Build Order

PartinG Protoss 

Build Orders: Nexus First, Phoenix Opening 

Get SALT Encoding   

  12  0:01  Probe (Chrono Boost)  
  13  0:12  Probe (Chrono Boost)  
  14  0:20  Pylon  
  14  0:23  Probe (Chrono Boost)  
  15  0:38  Probe (Chrono Boost)  
  16  0:49  Probe (Chrono Boost)  
  17  0:57  Nexus  
  17  1:07  Gateway  
  17  1:10  Probe (Chrono Boost)  
  18  1:15  Assimilator  
  18  1:20  Probe (Chrono Boost)  
  18  1:23  Assimilator  
  19  1:31  Probe (Chrono Boost)  
  20  1:41  Probe (Chrono Boost)  
  21  1:47  Gateway  
  21  1:52  Probe (Chrono Boost)  
  22  1:55  Cybernetics Core  
  22  2:02  Probe (Chrono Boost)  
  23  2:10  Probe (Chrono Boost)  
  23  2:13  Probe (Chrono Boost)  
  25  2:20  Probe (Chrono Boost), Pylon  
  26  2:24  Probe (Chrono Boost)  
  27  2:32  Adept  
  27  2:33  Warp Gate  
  27  2:36  Adept  
  31  2:39  Probe (Chrono Boost)  
  31  2:42  Probe (Chrono Boost)  
  33  2:52  Stargate  
  33  2:55  Probe x2 (Chrono Boost)  
  35  3:02  Adept  
  37  3:06  Stalker  
  37  3:08  Probe (Chrono Boost)  
  37  3:11  Probe (Chrono Boost)  
  41  3:19  Probe (Chrono Boost)  
  42  3:22  Probe (Chrono Boost)  
  43  3:27  Pylon  
  43  3:30  Probe (Chrono Boost)  
  43  3:32  Forge, Pylon  
  44  3:35  Probe (Chrono Boost)  
  45  3:45  Phoenix (Chrono Boost)  
  47  3:52  Probe  
  47  3:53  Probe  
  49  4:03  Probe (Chrono Boost)  
  49  4:06  Phoenix (Chrono Boost)  
  49  4:07  Assimilator x2  
  51  4:12  Mothership Core (Chrono Boost)  
  51  4:15  Nexus  
  52  4:18  Pylon  
  52  4:24  Probe (Chrono Boost)  
  51  4:27  Pylon  
  51  4:28  Pylon  
  52  4:31  Probe (Chrono Boost)  
  52  4:32  Phoenix  
  54  4:41  Twilight Council  
  54  4:46  Robotics Facility  
  54  4:50  Probe (Chrono Boost)  
  54  4:51  Probe (Chrono Boost)  
  56  4:53  Pylon  
  56  4:54  Phoenix  
  58  5:02  Probe (Chrono Boost)  
  58  5:04  Probe (Chrono Boost)  
  58  5:06  Photon Cannon  
  60  5:11  Blink (Chrono Boost)  
  60  5:13  Probe (Chrono Boost)  
  61  5:16  Probe (Chrono Boost), Phoenix  
  61  5:19  Protoss Ground Weapons Level 1  
  64  5:23  Probe (Chrono Boost)  
  64  5:26  Pylon  
  64  5:27  Probe (Chrono Boost)  
  66  5:28  Probe (Chrono Boost)  
  67  5:35  Probe  
  67  5:39  Probe (Chrono Boost)  
  67  5:40  Probe (Chrono Boost)  
  70  5:45  Sentry, Observer  
  70  5:47  Stalker  
  76  5:50  Probe (Chrono Boost)  
  76  5:52  Probe (Chrono Boost)  
  76  5:53  Probe (Chrono Boost)  
  76  5:55  Gateway  
  78  5:57  Gateway  
  78  6:03  Gateway, Probe (Chrono Boost)  
  81  6:05  Probe x2 (Chrono Boost)  
  81  6:10  Gateway  
  81  6:12  Gateway  
  81  6:16  Probe (Chrono Boost)  
  81  6:17  Gateway, Probe (Chrono Boost)  
  81  6:18  Probe (Chrono Boost)  
  84  6:19  Sentry x2  
  84  6:23  Warp Prism (Chrono Boost)  
  90  6:29  Assimilator  
  90  6:30  Probe x2  
  90  6:31  Probe  
  93  6:33  Assimilator  
  93  6:44  Sentry x2  
  93  6:46  Probe x2  
  100  6:47  Probe  
  100  6:51  Pylon  
  100  6:55  Observer (Chrono Boost)  
  100  6:56  Stalker  
  103  7:03  Stalker x2  
  107  7:17  Nexus  
  107  7:18  Stalker x5  
  107  7:19  Stalker, Pylon  
  107  7:20  Pylon  
  119  7:28  Robotics Bay  
  119  7:30  Robotics Facility  
  117  7:43  Stalker x6  
  125  7:45  Photon Cannon  
  125  7:47  Pylon  
  125  8:00  Probe  
  125  8:01  Photon Cannon  
  125  8:05  Adept  
  128  8:10  Zealot x3  
  128  8:11  Zealot  
  136  8:19  Disruptor (Chrono Boost)  
  136  8:22  Disruptor (Chrono Boost)  
  136  8:23  Resonating Glaives  
  136  8:25  Gravitic Drive  
  142  8:53  Assimilator  
  142  8:57  Forge  
  142  8:58  Disruptor x2 (Chrono Boost), Assimilator  
  148  9:08  Stalker x8  
  162  9:12  Dark Shrine  
  162  9:30  Immortal (Chrono Boost)  
  162  9:35  Templar Archives  
  162  9:38  Pylon  
  162  9:39  Pylon  
  162  9:41  Pylon  
  162  9:42  Pylon  
  162  9:46  Pylon  
  162  9:49  Pylon  
  162  9:50  Pylon  
  162  9:52  Pylon  
  162  9:55  Pylon  
  162  9:56  Pylon  
  162  9:57  Immortal (Chrono Boost)  
  162  9:59  Pylon  
  166  10:01  Pylon  
  166  10:13  Protoss Ground Weapons Level 2 (Chrono Boost)  
  166  10:14  Protoss Ground Armor Level 1 (Chrono Boost)  
  166  10:15  Immortal (Chrono Boost)  
  166  10:20  High Templar x2  
  174  10:24  Nexus  
  174  10:26  Immortal (Chrono Boost), Psionic Storm, Pylon  
  177  10:45  High Templar  
  177  10:46  Immortal  
  179  10:50  Pylon  
  183  10:59  Immortal  
  180  11:07  Gateway x2, Stargate  
  180  11:08  Protoss Air Weapons Level 1  
  180  11:10  Fleet Beacon  
  184  11:26  Immortal  
  184  11:28  High Templar  
  184  11:29  Pylon  
  184  11:30  Pylon  
  190  11:33  Immortal  
  192  12:00  Warp Prism  
  190  12:08  Zealot x5  
  200  12:21  Zealot x3  
  194  12:25  Protoss Ground Armor Level 2 (Chrono Boost)  
  194  12:26  Immortal  
  186  12:31  Immortal  
  186  12:34  Pylon  
  186  12:36  Protoss Ground Weapons Level 3 (Chrono Boost)  
  192  12:39  Nexus  
  192  12:42  Pylon  
  192  13:01  Nexus  
  192  13:05  Photon Cannon  
  190  13:08  Photon Cannon  
  190  13:09  Photon Cannon  
  190  13:11  Photon Cannon  
  190  13:12  Photon Cannon  
  190  13:19  Dark Templar x4  
  198  13:20  Dark Templar  
  198  13:25  Protoss Air Weapons Level 2  
  200  13:28  Photon Cannon x2  
  200  13:37  Anion Pulse-Crystals  
  185  14:12  Tempest x2 (Chrono Boost)  
  193  14:25  Dark Templar x3  
  193  14:31  Protoss Ground Armor Level 3  
  199  14:36  Stargate x2  
  189  14:56  Protoss Shields Level 1  
  189  15:01  Tempest x2 (Chrono Boost)  
  184  15:23  Tempest (Chrono Boost)  
  184  15:27  Protoss Air Weapons Level 3  
  190  15:29  Tempest (Chrono Boost)  
  188  15:38  Assimilator  
  188  15:41  Dark Templar  
  188  15:42  Dark Templar  
  192  15:51  Tempest (Chrono Boost)  
  156  16:06  Stalker  
  131  16:22  Tempest (Chrono Boost)  
  123  16:27  Tempest (Chrono Boost)  
  114  17:04  Nexus  
  114  17:05  Pylon  
  114  17:11  Probe  
  114  17:12  Probe x2  
  114  17:21  Observer x2  
  115  17:33  Oracle (Chrono Boost)  
  121  17:37  Oracle (Chrono Boost)  
  121  17:39  High Templar  
  121  17:40  High Templar x3  
  129  17:50  Archon  
  94  18:06  Archon  
  94  18:10  Stalker x5  
Show
View Real Time Build Order
Export as new Build Order

Petraeus Zerg - Winner!

Build Orders: 3 Hatch before Pool 

Get SALT Encoding   

  12  0:01  Drone  
  13  0:13  Overlord  
  13  0:17  Drone  
  14  0:31  Drone x2  
  16  0:36  Drone  
  17  0:53  Hatchery  
  17  0:55  Drone  
  17  1:00  Drone  
  18  1:19  Hatchery  
  18  1:22  Drone  
  18  1:35  Spawning Pool  
  18  1:38  Extractor  
  18  1:39  Drone  
  17  1:43  Drone  
  17  1:46  Drone  
  19  1:53  Drone  
  20  2:05  Drone  
  20  2:06  Drone  
  22  2:13  Drone  
  23  2:16  Drone  
  23  2:22  Queen x2  
  26  2:25  Extractor  
  26  2:26  Zergling x2  
  29  2:33  Queen  
  31  2:38  Drone  
  31  2:40  Metabolic Boost  
  32  2:45  Overlord  
  32  2:51  Drone x2  
  34  3:05  Drone x2  
  36  3:06  Drone x3  
  36  3:08  Overlord  
  39  3:14  Queen  
  39  3:16  Drone  
  41  3:26  Zergling x4  
  43  3:28  Zergling x2  
  43  3:29  Zergling x2  
  43  3:30  Overlord  
  43  3:33  Drone x2  
  43  3:34  Drone x2  
  49  3:37  Overlord  
  49  3:48  Zergling x2  
  50  3:49  Overlord  
  50  3:50  Drone x5  
  50  3:55  Drone x2  
  57  4:00  Lair  
  55  4:03  Drone x2  
  55  4:07  Spore Crawler  
  55  4:08  Spore Crawler  
  54  4:11  Spore Crawler, Drone  
  54  4:14  Extractor  
  54  4:16  Drone  
  54  4:19  Drone x2  
  54  4:22  Drone x2  
  54  4:24  Extractor  
  57  4:25  Evolution Chamber, Extractor  
  57  4:27  Drone x3  
  58  4:31  Drone  
  58  4:32  Drone  
  58  4:38  Drone  
  61  4:39  Drone x2  
  61  4:40  Drone  
  61  4:42  Drone  
  64  4:47  Drone  
  64  4:48  Overlord  
  64  4:49  Overlord x2  
  65  4:54  Extractor  
  65  4:57  Zerg Melee Weapons Level 1  
  64  5:01  Evolution Chamber, Drone  
  64  5:04  Infestation Pit  
  64  5:06  Queen  
  65  5:09  Queen  
  67  5:15  Drone x7  
  67  5:20  Extractor  
  67  5:21  Drone x4  
  77  5:33  Zerg Ground Armor Level 1  
  77  5:34  Hatchery  
  76  5:41  Overlord  
  76  5:42  Overlord x2  
  76  5:46  Hive  
  76  5:52  Pathogen Glands  
  76  6:00  Drone  
  76  6:01  Drone x2  
  76  6:02  Drone  
  80  6:05  Zergling x8  
  80  6:07  Drone x3  
  84  6:14  Queen  
  86  6:21  Overlord x2  
  86  6:23  Infestor  
  88  6:25  Overlord x2  
  88  6:40  Drone x3  
  88  6:41  Infestor x3  
  88  6:44  Zergling x10  
  88  6:46  Drone  
  100  6:50  Spire  
  99  6:54  Drone  
  99  6:56  Queen  
  99  7:00  Zerg Melee Weapons Level 2  
  102  7:02  Drone x8  
  102  7:04  Ultralisk Cavern  
  102  7:06  Overlord  
  102  7:08  Overseer  
  109  7:09  Adrenal Glands  
  109  7:15  Drone  
  109  7:17  Zergling x4  
  109  7:22  Overlord x2  
  111  7:25  Zergling x2  
  111  7:26  Zergling x14  
  115  7:44  Queen  
  109  7:47  Drone  
  109  7:48  Drone x3, Extractor x2  
  112  7:54  Ultralisk x3  
  112  7:55  Zergling x2  
  112  7:56  Zergling x2  
  130  7:59  Ultralisk  
  130  8:00  Zergling x4  
  130  8:05  Chitinous Plating  
  138  8:07  Zergling x4  
  140  8:15  Drone  
  140  8:16  Drone x5  
  142  8:21  Spore Crawler  
  142  8:23  Zerg Ground Armor Level 2  
  142  8:24  Queen  
  137  8:37  Ultralisk  
  137  8:38  Drone x3  
  137  8:39  Drone  
  137  8:40  Drone  
  145  8:42  Spore Crawler  
  145  8:46  Viper  
  144  8:48  Drone x2  
  144  8:51  Infestor  
  144  8:52  Hatchery  
  144  8:55  Overlord x2  
  147  8:56  Pneumatized Carapace  
  147  8:57  Overseer  
  147  9:09  Zergling x8  
  151  9:14  Queen  
  153  9:20  Zerg Flyer Weapons Level 1, Zerg Melee Weapons Level 3, Queen  
  153  9:22  Drone x2  
  153  9:23  Drone x2  
  158  9:25  Spine Crawler  
  158  9:26  Spine Crawler  
  158  9:29  Viper x2  
  159  9:33  Overlord x2  
  159  9:35  Queen  
  161  9:39  Ultralisk  
  167  9:49  Overlord x3  
  167  9:52  Queen  
  168  9:58  Ultralisk x2  
  168  9:59  Zergling x2  
  180  10:09  Drone x3  
  180  10:10  Drone x2  
  180  10:13  Spire  
  184  10:22  Spine Crawler  
  184  10:23  Drone x2  
  184  10:24  Drone, Spine Crawler  
  184  10:25  Spine Crawler, Queen  
  184  10:26  Overseer  
  184  10:27  Spine Crawler  
  185  10:32  Extractor  
  185  10:34  Infestor  
  185  10:35  Spore Crawler, Extractor  
  184  10:37  Zergling x4  
  184  10:38  Zergling x16  
  193  10:46  Drone  
  193  10:47  Drone x3  
  193  10:48  Drone x2  
  199  10:51  Spine Crawler  
  199  10:52  Spine Crawler  
  199  10:53  Spine Crawler  
  199  10:54  Spine Crawler  
  195  11:00  Corruptor x2  
  199  11:17  Greater Spire  
  199  11:18  Zerg Ground Armor Level 3  
  199  11:31  Burrow  
  199  11:35  Zerg Flyer Armor Level 1  
  199  11:57  Zerg Missile Weapons Level 1  
  199  11:58  Spine Crawler x2  
  197  12:06  Infestor  
  197  12:08  Hatchery, Corruptor x5  
  195  12:31  Zerg Flyer Weapons Level 2  
  195  12:36  Infestor  
  194  12:43  Zergling x6  
  194  12:44  Zergling x4  
  199  12:56  Spine Crawler  
  199  12:57  Spine Crawler  
  194  12:58  Spine Crawler  
  194  13:01  Spine Crawler  
  185  13:11  Zergling x12  
  191  13:13  Brood Lord x4  
  195  13:34  Infestor x2  
  194  13:36  Zerg Flyer Armor Level 2  
  198  13:42  Drone  
  199  13:49  Ultralisk  
  199  14:00  Spine Crawler  
  199  14:01  Spine Crawler x2  
  196  14:03  Spore Crawler, Spine Crawler  
  187  14:12  Corruptor, Brood Lord x3  
  187  14:13  Corruptor x2  
  189  14:48  Brood Lord x3  
  189  14:51  Zerg Flyer Weapons Level 3, Zerg Missile Weapons Level 2  
  195  14:58  Drone x4  
  195  14:59  Spine Crawler  
  198  15:02  Spine Crawler  
  197  15:16  Overlord x2  
  197  15:17  Overseer x4  
  197  15:40  Infestor  
  199  15:45  Spine Crawler  
  199  15:48  Spine Crawler  
  197  15:50  Corruptor  
  180  16:21  Corruptor x10  
  198  16:33  Zergling x4  
  192  16:52  Infestor x3  
  194  16:54  Viper x2  
  194  16:56  Extractor  
  194  17:00  Extractor  
  198  17:09  Hatchery  
  198  17:14  Zergling x6  
  200  17:19  Hatchery  
Tags
 
Add a new tag
Caveats
  • Supply blocks, unpowered buildings, or Contaminate may cause inaccurate times.
  • Supply counts are checked every 10 seconds.